[Event "Early-Titled-Tuesday-Blitz-March-26-2024"]
[Site "Chess.com"]
[Date "2024.03.26"]
[Round "5"]
[White "bazar-wokzal"]
[Black "kidagent"]
[Result "1-0"]
[WhiteElo "2565"]
[BlackElo "2328"]
[TimeControl "180+1"]
[EndTime "8:54:14 PDT"]
[Termination "bazar-wokzal won by checkmate"]

1. e4 c6 2. d4 d5 3. e5 Bf5 4. Nc3 e6 5. g4 Bg6 6. Nge2 c5 7.
Be3 Nc6 8. dxc5 Nxe5 9. Nf4 Nf6 10. Bb5+ Nfd7 11. Qe2 a6 12. Ba4 Rc8 13. Bd4 Nc6 14.
O-O-O Nxd4 15. Rxd4 Bxc5 16. Rxd5 b5 17. Rhd1 Qb6 18.
Rxd7 bxa4 19. Nxa4 Qc6 20. Nxc5 Qxc5 21. Nxg6 hxg6 22. c3 O-O 23. Qxa6 Qxf2 24. R7d2 Qf3 25. Qe2 Qf4 26. Kb1 Rb8 27. Rd4 Qc7 28. R1d3 Rfc8 29.
a4 Qa5 30. Qd2 Rb3 31. Rd8+ Rxd8 32. Rxd8+ Kh7 33. Rd4 Rb7 34. g5 f6 35. gxf6 gxf6 36. Rd6 Re7 37. Qd4 e5 38. Qb4 Qa7 39. a5 Rb7 40.
Qh4+ Kg7 41. Qxf6+ Kh7 42. Qxg6+ Kh8 43. Rd8# 1-0

[Event "Early-Titled-Tuesday-Blitz-March-26-2024"]
[Site "Chess.com"]
[Date "2024.03.26"]
[Round "5"]
[White "MaxLeto"]
[Black "Let_it_be_1"]
[Result "0-1"]
[WhiteElo "2490"]
[BlackElo "2671"]
[TimeControl "180+1"]
[EndTime "8:54:15 PDT"]
[Termination "Let_it_be_1 won on time"]

1. g4 d5 2. Bg2 c6 3. h3 h5 4. g5 e5 5. d4 e4 6. c4 f6 7.
h4 fxg5 8. Bxg5 Be7 9. Qd2 Nf6 10.
Nc3 O-O 11. Nh3 Bf5 12. Nf4 dxc4 13. f3 exf3 14. Bxf3 Qe8 15. O-O-O Nbd7 16. e4 Bg4 17. Bxg4 Nxg4 18. Bxe7 Qxe7 19. Ng6 Qd6 20. Nxf8 Rxf8 21. Rdf1 b5 22. e5 Qg6 23. Qg5 Qd3 24. Rd1 Qh7 25.
Rhe1 Nf2 26. Rf1 Nd3+ 27. Kd2 b4 28. Rxf8+ Nxf8 29. Ne2 Nf2 30. Rg1 Ne4+ 31. Ke3 Nxg5 32. hxg5 Qd3+ 33. Kf2 Ne6 34. Rg3 Qe4 35. Rd3 cxd3 0-1

[Event "Early-Titled-Tuesday-Blitz-March-26-2024"]
[Site "Chess.com"]
[Date "2024.03.26"]
[Round "5"]
[White "Boorchess"]
[Black "AsaHoffmann"]
[Result "0-1"]
[WhiteElo "2561"]
[BlackElo "2414"]
[TimeControl "180+1"]
[EndTime "8:54:15 PDT"]
[Termination "AsaHoffmann won on time"]

1. d4 Nf6 2. Nf3 d6 3. Bf4 Bg4 4. e3 Nbd7 5. h3 Bh5 6. Be2 c6 7. c3 Qc7 8. Nbd2 e6 9. b4 a5 10.
a3 Be7 11. Bh2 O-O 12. O-O Rfe8 13. Re1 Bf8 14. c4 e5 15. c5 e4 16. Nh4 Bxe2 17. Qxe2 g6 18. Nc4 Re6 19. Nxa5 Qc8 20. Nc4 d5 21.
Nd6 Bxd6 22. Bxd6 Nb6 23. g4 Nc4 24. Bg3 Nxa3 25. Ra2 Nc4 26. Rea1 Rxa2 27. Qxa2 Re8 28. Kh2 h5 29. g5 Nh7 30. Bf4 Qd8 31. Rg1 Nf8 32. Ng2 Ne6 33. h4 Qd7 34. Bg3 Ng7 35.
Ra1 Nf5 36. Nf4 Nxg3 37. fxg3 Nxe3 38. Qa7 Nf5 39. b5 e3 40. bxc6 Qxc6 41. Ne2 Qb5 42.
Qa2 Qd3 43. Qb2 Qe4 44. Rf1 Qd3 45. Re1 Re4 46. Qxb7 Qd2 47. Qb1 Nxd4 0-1

[Event "Early-Titled-Tuesday-Blitz-March-26-2024"]
[Site "Chess.com"]
[Date "2024.03.26"]
[Round "5"]
[White "Boundless_Strike"]
[Black "Savagelittlemole"]
[Result "0-1"]
[WhiteElo "2614"]
[BlackElo "2481"]
[TimeControl "180+1"]
[EndTime "8:54:16 PDT"]
[Termination "Savagelittlemole won by resignation"]

1. d4 Nf6 2. f3 c5 3. d5 e6 4. c4 exd5 5. cxd5 d6 6. Nc3 g6 7. e4 Bg7 8. Bg5 O-O 9. Qd2 a6 10. a4 Nbd7 11. Bd3 Ne5 12. Nge2 h6 13. Be3 Nxd3+ 14.
Qxd3 Nd7 15. f4 Qc7 16. O-O c4 17. Qc2 Nc5 18. Bd4 Bg4 19. Bxg7 Kxg7 20. h3 Bxe2 21.
Qxe2 Nd3 22. Kh2 Rae8 23. Rad1 f5 24. Qe3 Qc5 25. Qxc5 Nxc5 26. exf5 Rxf5 27. Rd4 Nd3 28. Rxc4 Rf7 29. Rd4 Nc5 30. b4 Nb3 31. Re4 Rc8 32. Ne2 Nd2 33. Ng3 Nxf1+ 34. Nxf1 b5 35. axb5 axb5 36.
Ne3 Rc3 37. Re6 Rxf4 38. Kg3 Rxb4 39. Kf3 Rbb3 40. Re7+ Kf8 41. Ke2 Kxe7 0-1

[Event "Early-Titled-Tuesday-Blitz-March-26-2024"]
[Site "Chess.com"]
[Date "2024.03.26"]
[Round "5"]
[White "Shield12"]
[Black "Sammed_Shete"]
[Result "1-0"]
[WhiteElo "2989"]
[BlackElo "2739"]
[TimeControl "180+1"]
[EndTime "8:54:18 PDT"]
[Termination "Shield12 won on time"]

1. b3 g6 2. Bb2 Nf6 3. Nf3 Bg7 4. g3 c5 5. Bg2 O-O 6. c4 Nc6 7. O-O d6 8. d4 Bg4 9. d5 Bxf3 10. exf3 Nd4 11. Nc3 Rb8 12. Qd3 Nd7 13. f4 a6 14.
Rfe1 b5 15. Rad1 Re8 16. Ne2 Nf3+ 17. Bxf3 Bxb2 18. h4 Qa5 19. Qc2 Bg7 20. Nc1 bxc4 21. Qxc4 Rb4 22. Qc2 c4 23. bxc4 Rc8 24. Nb3 Qa4 25.
Rxe7 Rbxc4 26. Qe2 Rc2 27. Re8+ Nf8 28. Rxc8 Rxe2 29.
Bxe2 Qxa2 30. Bc4 Qa4 31. Re1 a5 32. Re7 Qb4 33. Kg2 a4 34. Nc1 a3 35. Rcc7 Bb2 36.
Nd3 Qa4 37. Rxf7 Bd4 38. Nc1 Qc2 39. Ne2 Qb2 40. Nxd4 Qxd4 41. Rfe7 Qb2 42. Ra7 Qd4 43. Bb3 Qb2 44. Reb7 h5 45. Ra8 Qc3 46. Rbb8 Kg7 47. Rb7+ Kg8 48. Rxa3 Qd3 49. Ra2 Qe4+ 50. Kh2 Qb1 51.
Re2 1-0

[Event "Early-Titled-Tuesday-Blitz-March-26-2024"]
[Site "Chess.com"]
[Date "2024.03.26"]
[Round "5"]
[White "KacperKacprzak"]
[Black "Predator0608"]
[Result "1-0"]
[WhiteElo "2696"]
[BlackElo "2537"]
[TimeControl "180+1"]
[EndTime "8:54:18 PDT"]
[Termination "KacperKacprzak won by resignation"]

1. e4 c5 2. Nf3 d6 3. d4 cxd4 4. Nxd4 Nf6 5. Nc3 a6 6. Be3 e5 7. Nb3 Be6 8. h3 h5 9. f4 exf4 10. Bxf4 Nc6 11. Qe2 Ne5 12. O-O-O Qc7 13. Kb1 Be7 14.
Rg1 b5 15. Nd5 Nxd5 16. exd5 Bf5 17. Nd4 Bg6 18. g4 h4 19. Bg2 Rc8 20. Rge1 O-O 21. Bxe5 dxe5 22. Nc6 Bd6 23. Be4 Bxe4 24. Qxe4 Qb6 25.
Re2 a5 26. g5 b4 27. Qxh4 a4 28. Qc4 Rc7 29. h4 Ra8 30. h5 b3 31. c3 bxa2+ 32. Ka1 a3 33. b4 Qb7 34. g6 Qc8 35. Kxa2 Qh3 36. gxf7+ Rxf7 37. Qe4 Qxc3 38. Rc2 Qg3 39.
Qg6 Qh3 40. Rg1 Bf8 41. Qe6 Qd3 42. Qxf7+ Kh8 43. Rgg2 e4 44. h6 g5 45. Ne5 1-0

[Event "Early-Titled-Tuesday-Blitz-March-26-2024"]
[Site "Chess.com"]
[Date "2024.03.26"]
[Round "5"]
[White "jcibarra"]
[Black "rezamahdavi2008"]
[Result "1-0"]
[WhiteElo "3006"]
[BlackElo "2844"]
[TimeControl "180+1"]
[EndTime "8:54:20 PDT"]
[Termination "jcibarra won by resignation"]

1. e4 c5 2. Nf3 d6 3. d4 cxd4 4.
Nxd4 Nf6 5. Nc3 a6 6. g3 e5 7. Nb3 h6 8. a4 Be7 9. a5 O-O 10. Bg2 Be6 11. O-O Nbd7 12. Nd5 Nxd5 13. exd5 Bf5 14.
f4 Qc8 15. c3 Re8 16. Be3 exf4 17. Bxf4 Bg6 18. Bh3 Qc7 19. Nd4 Ne5 20. Qd2 Rad8 21. b3 Qc5 22. c4 Nd3 23. Be3 Bg5 24. Rf4 Nxf4 25. gxf4 Bf6 26. Rd1 Bh5 27. b4 Qxc4 28. Rc1 Qxd5 29. Bg2 Bxd4 30. Bxd4 Qb3 31. Bf1 Rc8 32.
Bc3 Bg6 33. Qd4 f6 34. Bg2 Bf7 35.
Bxb7 Rc4 36. Qd2 Rb8 37. Bxa6 Rc7 38. Bf1 Rbc8 39. Bb2 Rc2 40. Rxc2 Rxc2 41. Qxd6 Rxb2 42. Qd8+ Kh7 43. Bd3+ Bg6 44. Bxg6+ Kxg6 45. Qe8+ Qf7 46. f5+ 1-0

[Event "Early-Titled-Tuesday-Blitz-March-26-2024"]
[Site "Chess.com"]
[Date "2024.03.26"]
[Round "5"]
[White "Stanbad1"]
[Black "mortngabriel"]
[Result "1/2-1/2"]
[WhiteElo "2649"]
[BlackElo "2491"]
[TimeControl "180+1"]
[EndTime "8:54:20 PDT"]
[Termination "Game drawn - insufficient material"]

1. d4 Nf6 2. Nc3 d5 3. Bf4 c5 4.
e4 Nxe4 5. Nxe4 dxe4 6. dxc5 Qxd1+ 7. Rxd1 Nc6 8. Bb5 Bd7 9. Ne2 f6 10. Nc3 e5 11. Be3 f5 12. g3 O-O-O 13. O-O g6 14. a3 Nd4 15. Rxd4 exd4 16. Bxd4 Bxb5 17. Nxb5 Rxd4 18.
Nxd4 Bxc5 19. Nb3 Bb6 20. c4 Rd8 21. c5 Bc7 22. Re1 Be5 23. Re2 Rd3 24. Na5 Bd4 25. Rc2 Kc7 26. Kg2 g5 27. Nc4 f4 28. h4 h6 29. b4 e3 30. fxe3 Bxe3 31. hxg5 hxg5 32. gxf4 Bxf4 33. b5 Rd4 34. a4 Rd3 35. a5 a6 36.
bxa6 bxa6 37. Nb6 Rd2+ 38. Rxd2 Bxd2 39. Nc4 Bb4 40. Kf3 Bxc5 41. Kg4 Be7 42. Nb6 Kc6 43. Kf5 Bd8 44. Nc4 Kc5 45. Ne5 Bxa5 46. Kxg5 Bc3 47. Nd7+ Kb5 48. Kf4 a5 49. Ke3 Kb4 50. Kd3 Bb2 51. Nb6 a4 52. Nxa4 1/2-1/2

[Event "Early-Titled-Tuesday-Blitz-March-26-2024"]
[Site "Chess.com"]
[Date "2024.03.26"]
[Round "5"]
[White "nabukatnezarr"]
[Black "Oligan22"]
[Result "1-0"]
[WhiteElo "2596"]
[BlackElo "2416"]
[TimeControl "180+1"]
[EndTime "8:54:20 PDT"]
[Termination "nabukatnezarr won by resignation"]

1. e4 c5 2. Nf3 d6 3. c3 Nf6 4.
Qc2 Nc6 5. d4 cxd4 6. cxd4 Qb6 7. Nc3 Nxd4 8. Nxd4 Qxd4 9. Nb5 Qxe4+ 10. Qxe4 Nxe4 11.
Nc7+ Kd8 12. Nxa8 b6 13. Be3 Bb7 14. Nxb6 axb6 15. Bxb6+ Kd7 16. Rc1 Bd5 17. Bb5+ Ke6 18. O-O f5 19. Rfe1 Kf7 20. b3 g6 21. Rc8 Bg7 22. Rxh8 Bxh8 23. Bc4 Bxc4 24. bxc4 Bc3 25. Rf1 Ke6 26. a4 Kd7 27. a5 Kc6 28. Rc1 Bb4 29. Rb1 Bc5 30. Bxc5 Nxc5 31. Rb6+ Kc7 32. Kf1 Nb7 33.
Rb5 Nc5 34. f4 Kc6 35. Ke2 e5 36. fxe5 dxe5 37. Rb6+ Kc7 38. Ke3 Nd7 39. Rb5 Nb8 40. Rxe5 Nc6 41. Rc5 Kd6 42. Rxc6+ Kxc6 43. Kf4 h6 44. h4 Kc5 45. Ke5 Kc6 46. Kf6 1-0

[Event "Early-Titled-Tuesday-Blitz-March-26-2024"]
[Site "Chess.com"]
[Date "2024.03.26"]
[Round "5"]
[White "PawnEatingZombie"]
[Black "ArturoCaceres"]
[Result "1/2-1/2"]
[WhiteElo "2195"]
[BlackElo "2439"]
[TimeControl "180+1"]
[EndTime "8:54:20 PDT"]
[Termination "Game drawn by repetition"]

1. e4 d5 2. exd5 f6 3. Bc4 g6 4. Nc3 Bg7 5. h4 Nh6 6. h5 g5 7. d4 a6 8. a4 b6 9. Nge2 Qd6 10. Ng3 Bg4 11. Qd3 Qd7 12. f3 Bf5 13. Nxf5 Qxf5 14.
Ne4 Qd7 15. Bd2 Nf5 16. Bb3 Nh4 17. Kf2 a5 18. Rae1 Kd8 19. Re2 Nf5 20. Rhe1 Re8 21. g4 Nd6 22. Nc5 bxc5 23. dxc5 Nb7 24. Qxh7 Nxc5 25.
Qxg7 Qd6 26. Kg2 Nbd7 27. h6 Kc8 28. h7 Kb7 29. Bc3 Rh8 30. Bc4 Nxa4 31. Rxe7 Nxc3 32. Rxd7 Qc5 33. bxc3 Qxc4 34. Ree7 Rac8 35. Rxc7+ Rxc7 36. Rxc7+ Qxc7 37. Qxh8 Qe7 38. Qg8 Qe2+ 39. Kg3 Qe1+ 40. Kg2 Qe2+ 41. Kg3 Qe1+ 42. Kg2 Qe2+ 1/2-1/2

[Event "Early-Titled-Tuesday-Blitz-March-26-2024"]
[Site "Chess.com"]
[Date "2024.03.26"]
[Round "5"]
[White "ketster"]
[Black "daika91"]
[Result "1-0"]
[WhiteElo "2586"]
[BlackElo "2709"]
[TimeControl "180+1"]
[EndTime "8:54:21 PDT"]
[Termination "ketster won by resignation"]

1. d4 d5 2. c4 e6 3. Nf3 Nf6 4. g3 Be7 5. Bg2 O-O 6. Bf4 dxc4 7. Qa4 a6 8. Qxc4 Nd5 9. Nc3 b5 10. Qb3 Nxf4 11. gxf4 Bb7 12. Qc2 Qc8 13. Rg1 Nd7 14.
Ng5 Bxg5 15. Bxb7 Qxb7 16. fxg5 c5 17. Rd1 Rac8 18. d5 Rfe8 19. Ne4 exd5 20. Nd6 Qc6 21.
Nxc8 Rxc8 22. Qf5 Nb6 23. h4 Re8 24. h5 d4 25. g6 f6 26. gxh7+ Kh8 27. h6 Re7 28.
Qg6 Qd7 29. hxg7+ Rxg7 30. Qxf6 Nd5 31. Qf8+ Kxh7 32. Rxg7+ Qxg7 33. Qf5+ Kh6 34. Qxd5 Qg1+ 35. Kd2 Qg5+ 36. Qxg5+ Kxg5 37. Rg1+ Kf4 38. Rg8 Ke4 39.
Ra8 Kd5 40. Rxa6 Kc4 41. Rc6 b4 42. b3+ Kb5 43. Rc8 Ka5 44. f4 Kb5 45. f5 1-0

[Event "Early-Titled-Tuesday-Blitz-March-26-2024"]
[Site "Chess.com"]
[Date "2024.03.26"]
[Round "5"]
[White "reevecanada"]
[Black "Pelusiansky"]
[Result "1-0"]
[WhiteElo "2681"]
[BlackElo "2532"]
[TimeControl "180+1"]
[EndTime "8:54:21 PDT"]
[Termination "reevecanada won by resignation"]

1. b3 e5 2. Bb2 Nc6 3. e4 Bc5 4.
Nf3 d6 5. c3 Nf6 6. Bd3 O-O 7.
Bc2 Re8 8. O-O a5 9. d4 Bb6 10.
dxe5 dxe5 11. Na3 Be6 12. Qe2 Nh5 13. Rad1 Nf4 14. Qe1 Qf6 15. Bc1 Nh3+ 16. gxh3 Qxf3 17. Rd3 Qh5 18. Rg3 Rad8 19. Bd1 Rxd1 20. Qxd1 Qxd1 21. Rxd1 Bc5 22. Nb5 Bb6 23. Bh6 g6 24. Bg5 Kg7 25.
Rf3 f5 26. Be3 fxe4 27. Rg3 Bxe3 28. Rxe3 Re7 29. Rxe4 Bf5 30. Re3 e4 31. f3 Ne5 32.
fxe4 Bd7 33. Nd4 Rf7 34. Rf1 Re7 35. Rg3 Nc6 36. Nf5+ Bxf5 37. exf5 Re2 38. fxg6 hxg6 39. Rf2 Re1+ 40. Kg2 Ne5 41. h4 Rd1 42. h5 Rd6 43. hxg6 Nxg6 44. h4 Kh6 45. Kh3 Re6 46. Rgf3 Re4 47.
Rf7 Rxh4+ 48. Kg3 Re4 49. Rxc7 b5 50. Rf5 Re3+ 51. Kg4 Re4+ 52. Kf3 Re1 53. Rxb5 Ra1 54. Rxa5 1-0

[Event "Early-Titled-Tuesday-Blitz-March-26-2024"]
[Site "Chess.com"]
[Date "2024.03.26"]
[Round "5"]
[White "dropstoneDP"]
[Black "Igor_Lysyj"]
[Result "1/2-1/2"]
[WhiteElo "2991"]
[BlackElo "2836"]
[TimeControl "180+1"]
[EndTime "8:54:22 PDT"]
[Termination "Game drawn by repetition"]

1. e4 e5 2. Nf3 Nc6 3. Bc4 Bc5 4. d3 Nf6 5. Nc3 h6 6. a3 a6 7. h3 d6 8. Be3 Bxe3 9. fxe3 Be6 10.
Bxe6 fxe6 11. Qe2 O-O 12. g4 Nh7 13. O-O-O Ng5 14. Nd2 Nh7 15. h4 g6 16. g5 h5 17.
Nf3 Qe7 18. d4 exd4 19. exd4 Qg7 20. Rhf1 Kh8 21. Qe3 Rae8 22. Ne2 Rf7 23. Nd2 Rxf1 24. Rxf1 Rf8 25. c3 Rxf1+ 26. Nxf1 Qf7 27. Nfg3 Nf8 28.
Kc2 Kg8 29. Qf4 e5 30. Qxf7+ Kxf7 31. d5 Na7 32. c4 b5 33. cxb5 axb5 34. b4 Nd7 35.
Nf1 Nb6 36. Ne3 Ke7 37. Kb3 Kd7 38. Nc3 Ke7 39. a4 bxa4+ 40. Nxa4 Nb5 41. Nxb6 Nd4+ 42.
Kc4 cxb6 43. b5 Nf3 44. Ng2 Kd7 45. Kc3 Nd4 46. Kc4 Nf3 47. Kc3 Nd4 48. Kc4 Nf3 1/2-1/2

[Event "Early-Titled-Tuesday-Blitz-March-26-2024"]
[Site "Chess.com"]
[Date "2024.03.26"]
[Round "5"]
[White "TimGrutter03"]
[Black "Josetricks"]
[Result "0-1"]
[WhiteElo "2559"]
[BlackElo "2704"]
[TimeControl "180+1"]
[EndTime "8:54:23 PDT"]
[Termination "Josetricks won by resignation"]

1. e4 g6 2. d4 Bg7 3. Nc3 c6 4.
f4 d5 5. e5 f6 6. Nf3 Bg4 7.
Bd3 Nh6 8. O-O O-O 9. Ne2 c5 10. c3 Nc6 11. Be3 cxd4 12. cxd4 fxe5 13. Nxe5 Nxe5 14.
dxe5 Nf5 15. Bxf5 Bxf5 16. Nd4 e6 17. Qb3 Qd7 18. Rac1 Be4 19. Qb5 Qxb5 20. Nxb5 Bd3 21. Nc7 Bxf1 22. Nxa8 Bb5 23. Nc7 Bd7 24. g3 g5 25. Kg2 gxf4 26. gxf4 d4 27. Bd2 Rc8 28. Kg3 Kf7 29. b3 a6 30. Ba5 Bc6 31. Rd1 Bf8 32. Rxd4 Bc5 33. Rc4 Rg8+ 34. Kh4 Bf2+ 35. Kh5 Bf3+ 36. Kh6 Rg2 37. h4 Rg4 38. f5 Rxc4 39.
bxc4 Be3+ 40. Kxh7 Be4 41. Bc3 Bxf5+ 42. Kh8 Bh6 43.
Ne8 Kxe8 44. Kg8 b5 45. cxb5 axb5 46. h5 Kd7 47. Kf7 Kc6 48. Bb4 Kd5 49. Kf6 Bf4 50. Kg7 Bxe5+ 51. Kg8 Bf4 0-1

[Event "Early-Titled-Tuesday-Blitz-March-26-2024"]
[Site "Chess.com"]
[Date "2024.03.26"]
[Round "5"]
[White "erugee"]
[Black "Ticoluis"]
[Result "0-1"]
[WhiteElo "2324"]
[BlackElo "2503"]
[TimeControl "180+1"]
[EndTime "8:54:23 PDT"]
[Termination "Ticoluis won by checkmate"]

1. e4 e5 2. Nf3 Nc6 3. Bb5 f5 4. Bxc6 dxc6 5. exf5 Nf6 6. O-O Bd6 7. Nxe5 O-O 8. d4 Bxf5 9. Nc3 Kh8 10. Bg5 c5 11. Nf3 Qe8 12. dxc5 Bxc5 13. Nd5 Nxd5 14. Qxd5 Bd6 15. Rfe1 Qh5 16. Be7 Rad8 17. Bxd6 Rxd6 18. Qc5 b6 19. Qe5 Rg6 20. Nd4 h6 21. Nxf5 Rxf5 22. Qxc7 Rxg2+ 23. Kxg2 Qf3+ 24. Kg1 Qxf2+ 25. Kh1 Qf3+ 26.
Kg1 Rg5+ 27. Qg3 Rxg3+ 28. hxg3 Qxg3+ 29. Kf1 Qf3+ 30. Kg1 h5 31. Re8+ Kh7 32. Rae1 h4 33. R8e3 Qg4+ 34. Kh2 Qf4+ 35. Kg2 g5 36. Re7+ Kh6 37.
Rf1 Qg4+ 38. Kh1 Qh3+ 39. Kg1 Qg3+ 40. Kh1 h3 41. Rf6+ Kh5 42. Re2 Qg4 43. Rff2 Qd4 44.
Kh2 g4 45. c3 Qd6+ 46. Kh1 Qd1+ 47. Kh2 Kh4 48. Re4 Qd6+ 49. Kh1 Kg3 50. Rf1 Qd2 51. Rg1+ Kf3 52. Rexg4 Qd5 53. R4g3+ Kf2+ 54. Kh2 Qe5 55. Kxh3 Qh5# 0-1

[Event "Early-Titled-Tuesday-Blitz-March-26-2024"]
[Site "Chess.com"]
[Date "2024.03.26"]
[Round "5"]
[White "mishanick"]
[Black "MyDream003"]
[Result "0-1"]
[WhiteElo "3077"]
[BlackElo "2802"]
[TimeControl "180+1"]
[EndTime "8:54:24 PDT"]
[Termination "MyDream003 won on time"]

1. d4 Nf6 2. c4 e6 3. Nc3 d5 4. Bg5 Be7 5. e3 O-O 6. Qc2 Nbd7 7.
cxd5 exd5 8. Bd3 h6 9. Bf4 c6 10. Nf3 Nh5 11. Be5 Nhf6 12. O-O Nxe5 13. Nxe5 c5 14. f4 cxd4 15. exd4 Qb6 16. Qf2 Rd8 17. Rae1 Bb4 18. Re3 Qxd4 19. Nc6 bxc6 20. Re8+ Rxe8 21.
Qxd4 c5 22. Qf2 c4 23. Bb1 Bd7 24. h3 Rac8 25. Kh2 Bc5 26. Qf3 Bc6 27. Qd1 d4 28. Ne2 Nd5 29. Re1 Ne3 30. Qd2 Nxg2 31. Rf1 d3 32. Ng3 Be3 33. Qc3 Bxf4 34. Qxc4 d2 0-1

[Event "Early-Titled-Tuesday-Blitz-March-26-2024"]
[Site "Chess.com"]
[Date "2024.03.26"]
[Round "5"]
[White "Masterisback04"]
[Black "Staudenhocker43"]
[Result "0-1"]
[WhiteElo "2004"]
[BlackElo "2547"]
[TimeControl "180+1"]
[EndTime "8:54:24 PDT"]
[Termination "Staudenhocker43 won on time"]

1. e4 c5 2. Nf3 d6 3. c3 Nf6 4. Bd3 Nc6 5. h3 e5 6. Bc2 Be7 7. O-O O-O 8. a3 d5 9. exd5 Qxd5 10. d3 Bf5 11. c4 Qd6 12. Qe2 Rad8 13. Rd1 Rfe8 14. Nc3 Bf8 15. Ne4 Nxe4 16. dxe4 Nd4 17.
Nxd4 exd4 18. Qf3 Bg6 19. Bf4 Qc6 20. Re1 a6 21. Bd3 Re6 22. Qe2 Rde8 23. f3 Bd6 24.
Bxd6 Qxd6 25. b4 cxb4 26. axb4 Qxb4 27. Reb1 Qe7 28. Qb2 Bh5 29. Qxd4 Rd8 30. Qc3 Red6 31. Bf1 Rd2 32. c5 h6 33. Rb2 Rxb2 34. Qxb2 Qxc5+ 35. Kh1 Qc7 36. Rc1 Qd7 37. Qb6 Rc8 38. Re1 Rc2 39. e5 Qd2 40. Qe3 Qxe3 41. Rxe3 b5 0-1

[Event "Early-Titled-Tuesday-Blitz-March-26-2024"]
[Site "Chess.com"]
[Date "2024.03.26"]
[Round "5"]
[White "Chess4always"]
[Black "sansanathalia"]
[Result "0-1"]
[WhiteElo "1992"]
[BlackElo "2405"]
[TimeControl "180+1"]
[EndTime "8:54:24 PDT"]
[Termination "sansanathalia won by resignation"]

1. d4 Nf6 2. Bg5 d5 3. e3 e6 4. Nf3 Be7 5. Bd3 h6 6. Bf4 O-O 7. O-O c5 8. c3 Nc6 9. Nbd2 a6 10. Ne5 Nxe5 11. Bxe5 Nd7 12. Bg3 b5 13. Qe2 Bb7 14. Bc2 Nf6 15. Rad1 Rc8 16. dxc5 Bxc5 17. e4 Be7 18. e5 Nd7 19. Qd3 g6 20. Rfe1 Nc5 21.
Qe3 Bg5 22. f4 Be7 23. Bf2 Kg7 24. Nf3 Nd7 25. Nd4 Bc5 26. Qd2 Nb6 27. Bb3 Qc7 28.
g4 Nc4 29. Bxc4 dxc4 30. f5 Bxd4 31. Bxd4 Qc6 32. f6+ Kh7 33. Re3 Qh1+ 34. Kf2 Qxh2+ 35. Kf1 Qh1+ 36. Kf2 Qg2+ 37. Ke1 Qg1+ 38. Ke2 Qxg4+ 39.
Kf2 b4 40. Rg3 Qf5+ 41. Kg1 h5 42. Rf1 Qe4 43. Qg5 bxc3 44. Kh2 Qxd4 45. Rf4 Qd2+ 46. Kh3 Qd1 47. Rf2 Qh1+ 48. Rh2 Qf1+ 49. Kh4 Rcd8 50. Rhh3 Rd4+ 0-1

[Event "Early-Titled-Tuesday-Blitz-March-26-2024"]
[Site "Chess.com"]
[Date "2024.03.26"]
[Round "5"]
[White "abelmat"]
[Black "Navyblue1"]
[Result "0-1"]
[WhiteElo "2074"]
[BlackElo "2244"]
[TimeControl "180+1"]
[EndTime "8:54:24 PDT"]
[Termination "Navyblue1 won on time"]

1. d4 Nf6 2. c4 g6 3. Nc3 Bg7 4. e4 d6 5. f3 O-O 6. Be3 c5 7. Nge2 Nc6 8. Qd2 cxd4 9. Nxd4 Nxd4 10. Bxd4 Be6 11. O-O-O Rc8 12. b3 a6 13. Kb1 Qc7 14.
g4 Rb8 15. h4 Rfc8 16. h5 h6 17. hxg6 fxg6 18. g5 hxg5 19. Qxg5 Bf7 20. Qh4 e5 21. Be3 Nh5 22. Bh3 Rf8 23. Bg4 Qd8 24. Qh2 b5 25. cxb5 axb5 26. Nd5 Bxd5 27. Rxd5 Qf6 28. Bxh5 gxh5 29. Qxh5 Qxf3 30. Qh7+ Kf7 31. Rh3 Qf1+ 32.
Kb2 Rfc8 33. Qh5+ Kg8 34. Qh7+ Kf7 35. Rxd6 Qe2+ 36. Rd2 Qf1 37. Rd7+ Ke6 0-1

[Event "Early-Titled-Tuesday-Blitz-March-26-2024"]
[Site "Chess.com"]
[Date "2024.03.26"]
[Round "5"]
[White "Winner_7777"]
[Black "Veleamater"]
[Result "1-0"]
[WhiteElo "2585"]
[BlackElo "2405"]
[TimeControl "180+1"]
[EndTime "8:54:26 PDT"]
[Termination "Winner_7777 won by resignation"]

1. d4 d6 2. e4 g6 3. Nc3 Bg7 4. Be3 Nf6 5. f3 Nc6 6. Qd2 a6 7. O-O-O O-O 8. Bh6 e5 9. d5 Ne7 10. h4 Nh5 11. Nge2 f5 12. Bxg7 Nxg7 13. exf5 Bxf5 14. g4 Bd7 15. Bg2 b5 16. h5 gxh5 17. gxh5 Ngf5 18. Ne4 Kh8 19. Rdg1 c6 20. dxc6 Bxc6 21. f4 Qc7 22. fxe5 dxe5 23. Ng5 Bxg2 24. Rxg2 Qc6 25. Rhg1 Rf6 26.
Nc3 Nd4 27. Nce4 Rff8 28. Qd3 Ndf5 29. Ng3 Qh6 30. Nxf5 Rxf5 31. Kb1 Raf8 32. Qd7 Qxg5 33. Rxg5 Rf1+ 34. Qd1 Rxd1+ 35. Rxd1 Nf5 36. Rf1 Re8 37. Rfxf5 h6 38. Rxe5 Kh7 39. Rxe8 hxg5 40. Re6 Kg7 41. Rg6+ Kf7 42. Rxg5 Ke7 43. Rg6 Kd7 44. Rxa6 Kc7 1-0

[Event "Early-Titled-Tuesday-Blitz-March-26-2024"]
[Site "Chess.com"]
[Date "2024.03.26"]
[Round "5"]
[White "Slovineanu"]
[Black "Witik"]
[Result "1-0"]
[WhiteElo "2531"]
[BlackElo "2732"]
[TimeControl "180+1"]
[EndTime "8:54:27 PDT"]
[Termination "Slovineanu won by resignation"]

1. d4 Nf6 2. Nf3 g6 3. Nbd2 d5 4. e3 Bg7 5. b4 O-O 6. c4 e6 7. a4 Ne4 8. Bb2 Nd7 9. Be2 b6 10. Qb3 Bb7 11. O-O Nxd2 12. Nxd2 Rb8 13. Bf3 c6 14. a5 b5 15. cxb5 cxb5 16. a6 Bc6 17. Rfc1 Rc8 18. Qa2 Nb6 19. Nb3 Nc4 20. Nc5 Qe7 21. Bc3 f5 22. g3 g5 23.
Bg2 f4 24. exf4 gxf4 25. Qe2 Rce8 26. Re1 Qg5 27. Nxe6 Qg6 28. Nxf4 Rxe2 29. Nxg6 Rxe1+ 30. Rxe1 hxg6 31. Re6 Rf6 32. Rxc6 Rxc6 33. Bxd5+ Kf8 34. Bxc6 Nd6 35. Kf1 Nf5 36. Bxb5 Nxd4 37. Bxd4 Bxd4 38. Bd3 Bc3 39. b5 Bd4 40. Bxg6 1-0

[Event "Early-Titled-Tuesday-Blitz-March-26-2024"]
[Site "Chess.com"]
[Date "2024.03.26"]
[Round "5"]
[White "ChessSwole"]
[Black "emeli_chess"]
[Result "0-1"]
[WhiteElo "2675"]
[BlackElo "2401"]
[TimeControl "180+1"]
[EndTime "8:54:27 PDT"]
[Termination "emeli_chess won on time"]

1. e4 e5 2. d4 exd4 3. f4 Nc6 4. Nf3 Bc5 5. Bd3 d6 6. O-O Bg4 7. Qe1 Bxf3 8. Rxf3 Qe7 9. Qg3 g6 10. a3 O-O-O 11.
b4 Bb6 12. Nd2 Kb8 13. Rb1 f5 14. exf5 gxf5 15. a4 a5 16. bxa5 Nxa5 17. Nb3 Nxb3 18. Rxb3 Nf6 19. Rf1 Ne4 20. Qf3 Rhg8 21. Kh1 Nc5 22.
Rb4 Nxd3 23. cxd3 d5 24. Rb5 Rge8 25. a5 Ba7 26. a6 Bb6 27. Rxd5 Rxd5 28. Qxd5 bxa6 29.
Rg1 Qe6 30. Qf3 Qe2 31. Qc6 Re6 32. Qc4 Rh6 33. Ba3 Qg4 34. Rb1 Qxf4 35. h3 Rxh3+ 36. gxh3 Qf3+ 37. Kg1 Qg3+ 38. Kf1 Qf3+ 39. Ke1 Qh1+ 40.
Ke2 Qxb1 41. Bc1 Qb5 42. Qg8+ Kb7 43. Qxh7 Qe5+ 44. Kd1 Ba5 0-1

[Event "Early-Titled-Tuesday-Blitz-March-26-2024"]
[Site "Chess.com"]
[Date "2024.03.26"]
[Round "5"]
[White "Vision_64"]
[Black "Dr_Thomas_Quilter"]
[Result "1-0"]
[WhiteElo "2249"]
[BlackElo "2063"]
[TimeControl "180+1"]
[EndTime "8:54:27 PDT"]
[Termination "Vision_64 won on time"]

1. e4 c6 2. d4 d5 3. exd5 cxd5 4. Bd3 Nc6 5. c3 Nf6 6. Bf4 g6 7. Nd2 Bf5 8. Bxf5 gxf5 9. Ne2 e6 10. O-O Bd6 11. f3 Rg8 12. Qe1 Qc7 13. Qh4 Bxf4 14. Nxf4 Qe7 15. Rae1 O-O-O 16. Nb3 b6 17. a4 Nd7 18. Qf2 Qd6 19. Nd3 h5 20. a5 h4 21.
Qxh4 Rh8 22. Qf4 Qxf4 23. Nxf4 bxa5 24. Ra1 Nb6 25. Nxa5 Nxa5 26. Rxa5 Rd7 27. Rfa1 Kb8 28. Nd3 Nc4 29. Rb5+ Rb7 30. Rxb7+ Kxb7 31. Nc5+ Kc6 32.
Ra6+ Kb5 33. Rxa7 f6 34. Rb7+ Kc6 35. Re7 Nxb2 36. Rxe6+ Kb5 37. Rd6 Kc4 38. Rxf6 Nd1 39. Ne6 Nxc3 40. h3 Rg8 41. Rxf5 1-0